 Dungeon Sprint DCSS version 0.21.1-1-g345015f (webtiles) character file.

1103 Fang the Fighter (level 8, -1/60 HPs)
             Began as a Gargoyle Berserker on Apr 25, 2018.
             Was a High Priest of Trog.
             Slain by a red ugly thing (2 damage)
             ... in the Dungeon (Sprint V: "Ziggurat Sprint").
             The game lasted 00:02:45 (551 turns).

Fang the Fighter (Gargoyle Berserker)                Turns: 551, Time: 00:02:46

Health: -1/60      AC: 23    Str: 29    XL:     8   Next: 32%
Magic:  8/8        EV: 10    Int:  8    God:    Trog [*****.]
Gold:   0          SH:  0    Dex:  9    Spells: 7/7 levels left

rFire    . . .     SeeInvis .   m - +4 quarterstaff (chaos)
rCold    . . .     Gourm    .   (shield currently unavailable)
rNeg     + . .     Faith    .   j - +5 shadow dragon scales
rPois    ∞         Spirit   .   (no helmet)
rElec    +         Reflect  .   (no cloak)
rCorr    .         Harm     .   (no gloves)
MR       .....     NoTele   +   (no boots)
Stlth    ++........             (no amulet)
HPRegen  0.20/turn              G - ring of flight
MPRegen  0.11/turn              r - +6 ring of strength

@: berserk cooldown, slowed, very slow
A: negative energy resistance 1, electricity resistance, unbreathing,
petrification resistance, rot immunity, AC +5
a: Berserk, Trog's Hand, Brothers in Arms, Burn Spellbooks, Renounce Religion,
Evoke Flight


You were in the Dungeon.
You worshipped Trog.
Trog was extremely pleased with you.
You were hungry.

You visited 1 branch

Inventory:

Hand Weapons
 k - a +5 executioner's axe
 l - a +5 demon trident
 m - a +4 quarterstaff of chaos (weapon)
Armour
 j - +5 shadow dragon scales (worn)
Jewellery
 r - a +6 ring of strength (right hand)
 G - a ring of flight (left hand)
Wands
 y - a wand of disintegration (7)
 E - a wand of iceblast (7)
 F - a wand of acid (7)
Scrolls
 a - 4 scrolls of enchant weapon
 i - 4 scrolls of blinking
 s - 7 scrolls of fog
 t - a scroll of holy word
 u - 5 scrolls of identify
 v - 5 scrolls of remove curse
 w - 2 scrolls of fear
Potions
 d - 10 potions of curing
 e - 14 potions of heal wounds
 f - 6 potions of haste
 g - 7 potions of magic
 h - 3 potions of berserk rage
 x - 2 potions of brilliance
 z - 3 potions of invisibility
 A - 4 potions of resistance
 B - a potion of experience
 C - 6 potions of agility
 D - 5 potions of might
Comestibles
 c - 7 rations


   Skills:
 + Level 11.8 Fighting
 + Level 9.4(9.9) Axes
 + Level 4.8(8.0) Polearms
 + Level 3.3(4.8) Staves
 + Level 7.3 Armour
 + Level 4.7 Dodging


You had 7 spell levels left.
You didn't know any spells.

Dungeon Overview and Level Annotations

Branches:
Dungeon (1/1)

Altars:
Ashenzari
Cheibriados
Dithmenos
Elyvilon
Fedhas
Gozag
Hepliaklqana
Kikubaaqudgha
Makhleb
Nemelex Xobeh
Okawaru
Qazlal
Ru
Sif Muna
Trog
Uskayaw
Vehumet
Wu Jian
Xom
Yredelemnul
Zin
The Shining One
Beogh
Jiyva
Lugonu

Annotations:
D 1 transporter


Innate Abilities, Weirdness & Mutations

You are resistant to torment.
Your stone body is resilient. (AC +5)
You are immune to poison.
You resist negative energy. (rN+)
You are resistant to electric shocks. (rElec)
You can survive without breathing.
You are immune to petrification.
You are immune to rotting.


Message History

* * * LOW HITPOINT WARNING * * *
You are engulfed in flames!
* * * LOW HITPOINT WARNING * * *
The wolf bites you but does no damage.
The red ugly thing engulfs you but does no damage.
You hit the ice beast.
The ice beast is poisoned.
The ice beast is severely wounded.
The wolf bites you but does no damage. x2
The red ugly thing closely misses you.
The ice beast hits you but does no damage.
The wolf bites you.
* * * LOW HITPOINT WARNING * * *
You sock the ice beast!
You kill the ice beast!
Trog accepts your kill.
Your base Staves skill increases to level 3!
The wolf bites you but does no damage. x2
The red ugly thing engulfs you but does no damage.
The wolf closely misses you. The red ugly thing engulfs you.
You die...

▓..©..▓..©..▓▓▓▓▓▓▓
▓▓▓▓▓▓▓▓▓▓▓▓▓▓▓▓▓▓▓
▓..8©8...▓..8©8...▓
▓..).....▓..}.)...▓
▓...)....▓..).:...▓
▓...))...▓........▓
▓........▓........▓
▓.▓....▓.▓.▓uNh.▓.▓
▓...©....▓...@....▓
▓▓▓▓▓▓▓▓▓▓▓▓▓▓▓▓▓▓▓


You could see a red ugly thing, a naga and a wolf shaped shifter.

Vanquished Creatures
  An ugly thing (D)
  Sigmund (D)
  2 insubstantial wisps (D)
  An ice beast (shapeshifter) (D)
  Blork the orc (D)
  A quasit (D)
  Crazy Yiuf (D)
  An orc priest (D)
  2 orc wizards (D)
  Jessica (D)
  An ufetubus (D)
  An orc (D)
  A leopard gecko skeleton (D)
15 creatures vanquished.

Notes
Turn   | Place    | Note
-------+----------+-------------------------------------------
     0 | D        | Found the +6 Majin-Bo {vamp, Archmagi MP+6 Int+6}
     0 | D        | Found the +7 great mace "Firestarter" {inner flame, rF++}
     0 | D        | Fang the Gargoyle Berserker began the quest for the Orb.
     0 | D        | Reached XP level 1. HP: 14/14 MP: 1/1
     3 | D        | Found a blossoming altar of Fedhas.
     4 | D        | Found a viscous altar of Jiyva.
     4 | D        | Found a hazy altar of Hepliaklqana.
     4 | D        | Found a transporter.
     4 | D        | Found an opulent altar of Gozag.
     4 | D        | Found an ancient bone altar of Kikubaaqudgha.
     4 | D        | Found a corrupted altar of Lugonu.
    10 | D        | Found a burning altar of Makhleb.
    11 | D        | Found a stormy altar of Qazlal.
    11 | D        | Found a sacrificial altar of Ru.
    11 | D        | Found an iron altar of Okawaru.
    11 | D        | Found a deep blue altar of Sif Muna.
    11 | D        | Found a sparkling altar of Nemelex Xobeh.
    11 | D        | Found a bloodstained altar of Trog.
   107 | D        | Entered arena 2.
   107 | D        | Noticed an insubstantial wisp
   107 | D        | Noticed an insubstantial wisp
   107 | D        | Found a transporter.
   119 | D        | Killed an insubstantial wisp
   119 | D        | Reached skill level 7 in Fighting
   119 | D        | Reached skill level 5 in Axes
   119 | D        | Reached XP level 2. HP: 20/24 MP: 2/2
   119 | D        | Reached XP level 3. HP: 23/28 MP: 3/3
   119 | D        | Reached XP level 4. HP: 28/34 MP: 4/4
   122 | D        | Killed an insubstantial wisp
   122 | D        | Reached skill level 8 in Fighting
   122 | D        | Reached XP level 5. HP: 30/40 MP: 5/5
   262 | D        | Entered arena 3.
   262 | D        | Found a transporter.
   265 | D        | Reached ** piety under Trog
   265 | D        | Reached skill level 5 in Armour
   265 | D        | Reached XP level 6. HP: 45/45 MP: 6/6
   266 | D        | Reached skill level 9 in Fighting
   278 | D        | Entered arena 4.
   278 | D        | Noticed Sigmund
   278 | D        | Noticed Jessica
   278 | D        | Noticed Blork the orc
   278 | D        | Noticed Crazy Yiuf
   278 | D        | Found a transporter.
   279 | D        | Found the +7 lajatang of Order {silver, rMut}
   281 | D        | Killed Jessica
   281 | D        | Reached *** piety under Trog
   281 | D        | Reached skill level 1 in Polearms
   283 | D        | Killed Crazy Yiuf
   286 | D        | Killed Blork the orc
   290 | D        | Killed Sigmund
   290 | D        | Reached **** piety under Trog
   290 | D        | Reached skill level 10 in Fighting
   290 | D        | Reached XP level 7. HP: 53/53 MP: 7/7
   332 | D        | Entered arena 5.
   332 | D        | Found a transporter.
   343 | D        | Reached ***** piety under Trog
   529 | D        | Entered arena 6.
   529 | D        | Noticed a naga
   529 | D        | Noticed a red ugly thing
   529 | D        | Noticed a brown ugly thing
   529 | D        | Noticed a hornet
   529 | D        | an ogre changed into a hornet
   529 | D        | Found a transporter.
   535 | D        | Killed a brown ugly thing
   535 | D        | Reached skill level 11 in Fighting
   535 | D        | Reached XP level 8. HP: 50/60 MP: 8/8
   546 | D        | a hornet changed into a tengu
   549 | D        | HP: 3/60 [red ugly thing (12)]
   550 | D        | HP: 1/60 [wolf (shapeshifter) (2)]
   551 | D        | Slain by a red ugly thing

Skill      XL: |  1  2  3  4  5  6  7  8 |
---------------+-------------------------+-----
Fighting       | 7 8 10 11 | 11.8
Axes           | 5 7 8 9 |  9.4
Armour         | 4 5 6 7 |  7.3
Dodging        | 2 3 4 |  4.7
Polearms       | 3 4 |  4.8
Staves         | 2 3 |  3.3

Action                   |  1- 3 |  4- 6 |  7- 9 || total
-------------------------+-------+-------+-------++-------
Melee: Demon trident     |    11 |    17 |       ||    28
       Quarterstaff      |       |       |    29 ||    29
Invok: Berserk           |     1 |     1 |     2 ||     4
       Burn Spellbooks   |       |       |     1 ||     1
  Eat: Chunk             |       |       |     2 ||     2
Armor: Shadow dragon sca |     4 |     6 |    36 ||    46
Dodge: Dodged            |     1 |     4 |    27 ||    32
